 Dungeon Crawl Stone Soup version 0.17.0-28-g6e173f8 (webtiles) character file.

924 Shizoidos the Shield-Bearer (level 7, -3/61 HPs)
             Began as a Minotaur Fighter on Nov 23, 2015.
             Killed from afar by Blork the orc (8 damage)
             ... with a puff of flame
             ... on level 5 of the Dungeon.
             The game lasted 00:12:18 (3984 turns).

Shizoidos the Shield-Bearer (Minotaur Fighter)      Turns: 3984, Time: 00:12:18

Health: -3/61      AC:  8    Str: 21 (22) XL:     7   Next: 84%
Magic:  6/6        EV:  9    Int:  7      God:
Gold:   126        SH: 10    Dex:  7 (10) Spells: 0 memorised, 6 levels left

rFire  . . .     SeeInvis .     a - +1 war axe
rCold  . . .     Clarity  .     b - +1 scale mail
rNeg   . . .     SustAt   .     c - +0 shield
rPois  .         Gourm    +     (helmet restricted)
rElec  .         Spirit   .     (no cloak)
rCorr  .         Warding  .     (no gloves)
rMut   .         Stasis   .     (no boots)
MR     .....                    j - amulet of the gourmand
Stlth  ..........               (no ring)
                                i - +2 ring of intelligence

@: very slightly contaminated, not resistant to hostile enchantments, extremely
unstealthy
A: retaliatory headbutt, horns 2
a: no special abilities


You were on level 5 of the Dungeon.
You were not hungry.

You visited 1 branch of the dungeon, and saw 5 of its levels.

You collected 330 gold pieces.
You spent 204 gold pieces at shops.

Inventory:

Hand Weapons
 a - a +1 war axe (weapon)
Armour
 b - a +1 scale mail (worn)
 c - a +0 shield (worn)
Jewellery
 i - a +2 ring of intelligence (left hand)
 j - an amulet of the gourmand (around neck)
Wands
 f - a wand of digging (9)
 o - a wand of paralysis (4)
 v - a wand of draining (9)
 x - a wand of fireball (7)
 y - a wand of digging (9)
Scrolls
 e - a scroll of magic mapping
 k - a scroll of teleportation
 m - a scroll of amnesia
 n - 4 scrolls of identify
 q - 2 scrolls of remove curse
Potions
 d - a potion of might
 g - a potion of degeneration
 h - a potion of brilliance
 l - a potion of flight
Comestibles
 p - 4 bread rations


   Skills:
 + Level 5.5 Fighting
 + Level 5.0 Axes
 + Level 6.1 Armour
 + Level 4.0 Dodging
 + Level 0.5 Stealth
 + Level 6.5 Shields


You had 6 spell levels left.
You didn't know any spells.

Dungeon Overview and Level Annotations

Branches:
Dungeon (5/15)
 Temple: D:4-7

Altars:
Vehumet

Shops:
D:5 *

Annotations:
D:5 Blork the orc


Innate Abilities, Weirdness & Mutations

You reflexively headbutt those who attack you in melee.
You have a pair of horns on your head.


Message History

Blork the orc seems to speed up.
You hit Blork the orc but do no damage.
Blork the orc is almost dead.
Blork the orc hits you with a glaive of protection!
* * * LOW HITPOINT WARNING * * *
Blork the orc casts a spell at you. The puff of flame hits you!
* * * LOW HITPOINT WARNING * * *
Blink to where?
Press: ? - help, Dir - move target cursor You are very lightly contaminated with residual magic.
As you read the scroll of blinking, it crumbles to dust.
Zapping:
o - a wand of paralysis (will waste charges)
Press: ? - help, Shift-Dir - straight line, f - Blork the orc
Aim: Blork the orc, wielding a glaive of protection and wearing a robe (translocational energy, almost dead, fast, chance to defeat MR: 46%) Blork the orc resists with some effort.
Evoking this partially-identified wand wasted a few charges.
Blork the orc casts a spell at you. The puff of flame hits you!
You die...

.. ##+###+#.# .
#........# ..
#........##...
#.............
#.............
#.............
#.@..# #
#######....#####.#
#.........o......#≈≈
#..........§......≈≈
#......####........≈
#..................#
#...<..####.........
#......#..#.........
#......#..#.........


You could see Blork the orc.

Vanquished Creatures
  An ogre (D:4)
  A black bear (D:5)
  A necrophage (D:3)
  2 scorpions (D:4)
  A quasit (D:4)
  2 jellies (D:4)
  An orc wizard (D:4)
  Crazy Yiuf (D:4)
  An orc priest (D:4)
  A hound (D:4)
  3 worker ants (D:4)
  Robin (D:2)
  13 adders
  A gnoll (D:1)
  An ooze (D:5)
  An adder zombie (D:4)
  4 worms
  3 giant geckos
  11 orcs
  2 ball pythons (D:3)
  6 bats
  5 giant cockroaches (D:1)
  8 hobgoblins
  7 jackals
  3 quokkas
  9 giant newts
  10 goblins
  8 kobolds
  A quokka skeleton (D:4)
  6 rats
115 creatures vanquished.

Notes
Turn   | Place    | Note
--------------------------------------------------------------
     0 | D:1      | Shizoidos the Minotaur Fighter began the quest for the Orb.
     0 | D:1      | Reached XP level 1. HP: 19/19 MP: 0/0
   110 | D:1      | Reached XP level 2. HP: 27/27 MP: 1/1
   283 | D:1      | Reached skill level 4 in Fighting
   446 | D:1      | Reached XP level 3. HP: 29/33 MP: 2/2
   741 | D:2      | Found a radiant altar of Vehumet.
   901 | D:2      | Noticed Robin
   905 | D:2      | Reached XP level 4. HP: 37/40 MP: 3/3
   907 | D:2      | Reached skill level 1 in Dodging
   914 | D:2      | Killed Robin
  1553 | D:3      | Found a faded altar to an unknown god.
  1597 | D:3      | Reached skill level 5 in Shields
  1645 | D:3      | Reached XP level 5. HP: 37/46 MP: 4/4
  1785 | D:3      | Noticed a necrophage
  1792 | D:3      | Killed a necrophage
  1792 | D:3      | Reached skill level 5 in Armour
  2229 | D:4      | Reached XP level 6. HP: 43/53 MP: 5/5
  2488 | D:4      | Noticed an ogre
  2496 | D:4      | Killed an ogre
  2496 | D:4      | Reached skill level 5 in Fighting
  2681 | D:4      | Reached XP level 7. HP: 61/61 MP: 6/6
  2775 | D:4      | Noticed Crazy Yiuf
  2781 | D:4      | Killed Crazy Yiuf
  2856 | D:4      | Reached skill level 6 in Shields
  3702 | D:4      | Reached skill level 5 in Axes
  3783 | D:5      | Entered Level 5 of the Dungeon
  3850 | D:5      | Found Vocuiq's General Store.
  3854 | D:5      | Bought a scroll of identify for 24 gold pieces
  3854 | D:5      | Bought 2 potions of heal wounds for 120 gold pieces
  3854 | D:5      | Bought a bread ration for 60 gold pieces
  3931 | D:5      | Noticed Blork the orc
  3984 | D:5      | Killed from afar by Blork the orc

Action                   |  1- 3 |  4- 6 |  7- 9 || total
-------------------------+-------+-------+-------++-------
Melee: War axe           |    96 |   167 |    82 ||   345
Evoke: Wand              |       |       |     1 ||     1
  Use: Scroll            |       |     6 |     4 ||    10
       Potion            |       |       |     8 ||     8
  Eat: Bread ration      |       |     1 |       ||     1
       Meat ration       |       |     1 |       ||     1
       Beef jerky        |       |       |     1 ||     1
